 Dungeon Crawl Stone Soup version 0.27.1-3-gb3d3a73c9e (webtiles) character file.

Game seed: 7135080448318528010

158 Crownlay the Chiller (level 5, -5/37 HPs)
             Began as a Gnoll Ice Elementalist on Oct 18, 2021.
             Slain by an ice beast (9 damage)
             ... on level 4 of the Dungeon.
             The game lasted 00:03:05 (3438 turns).

Crownlay the Chiller (Gnoll Ice Elementalist)       Turns: 3438, Time: 00:03:05

Health: -5/37      AC: 16    Str:  7    XL:     5   Next: 39%
Magic:  6/12       EV: 13    Int: 16    God:
Gold:   125        SH:  0    Dex: 12    Spells: 7/14 levels left

rFire    . . .     SeeInvis .   c - +0 dagger (protect)
rCold    . . .     Faith    .   (no shield)
rNeg     . . .     Spirit   .   a - +0 robe
rPois    .         Reflect  .   (no helmet)
rElec    .         Harm     .   (no cloak)
rCorr    .         Rampage  .   (no gloves)
Will     .....                  (no boots)
Stlth    +++.......             (no amulet)
HPRegen  0.12/turn              (no ring)
MPRegen  0.13/turn              (no ring)

@: ice-armoured, under a protective aura, freezing walls
A: fangs 1, strong nose, distributed training
a: no special abilities


You were on level 4 of the Dungeon.
You visited 1 branch of the dungeon, and saw 4 of its levels.

You collected 125 gold pieces.

Inventory:

Hand Weapons
 c - a +0 dagger of protection (weapon)
Armour
 a - a +0 robe (worn)
Wands
 h - a wand of charming (4)
Scrolls
 b - 2 scrolls of fog {unknown}
 e - 2 scrolls of identify {unknown}
 i - a scroll of amnesia {unknown}
Potions
 d - 3 potions of might {unknown}
 f - a potion of flight {unknown}
 g - a potion of mutation {unknown}


   Skills:
 + Level 1.4 Fighting
 + Level 1.4 Short Blades
 + Level 1.4 Long Blades
 + Level 1.4 Axes
 + Level 1.4 Maces & Flails
 + Level 1.4 Polearms
 + Level 1.4 Staves
 + Level 1.4 Slings
 + Level 1.4 Bows
 + Level 1.4 Crossbows
 + Level 1.4 Throwing
 + Level 1.4 Armour
 + Level 4.8 Dodging
 + Level 4.4 Stealth
 + Level 1.4 Shields
 + Level 1.4 Unarmed Combat
 + Level 5.2 Spellcasting
 + Level 1.1 Conjurations
 + Level 1.1 Hexes
 + Level 1.1 Summonings
 + Level 1.1 Necromancy
 + Level 1.1 Translocations
 + Level 1.1 Transmutations
 + Level 1.1 Fire Magic
 + Level 7.2 Ice Magic
 + Level 1.1 Air Magic
 + Level 1.1 Earth Magic
 + Level 1.1 Poison Magic
 + Level 1.6 Invocations
 + Level 1.4 Evocations


You had 7 spell levels left.
You knew the following spells:

 Your Spells              Type           Power      Damage    Failure   Level
a - Freeze                Ice            100%       1d11      1%          1
b - Frozen Ramparts       Ice            54%        1d7       2%          3
c - Ozocubu's Armour      Ice            27%        N/A       2%          3

Your spell library contained the following spells:

 Spells                   Type           Power      Damage    Failure   Level
 Hailstorm                Conj/Ice       17%        3d6       26%         4
 Conjure Flame            Conj/Fire      7%         6-21      28%         3
 Ignite Poison            Fire/Tmut/Pois 7%         N/A       28%         3
 Sticky Flame             Conj/Fire      7%         2d3       67%         4


Dungeon Overview and Level Annotations

Branches:
Dungeon (4/15)
 Temple: D:4-7

Altars:
Cheibriados
Dithmenos
Qazlal
Wu Jian
Zin


Innate Abilities, Weirdness & Mutations

You have very sharp teeth.
Your uncanny sense of smell can sniff out nearby items.
Your experience applies equally to all skills.


Message History

The ice beast closely misses you.
You closely miss the ice beast.
The ice beast is heavily wounded.
The ice beast barely misses you.
You hit the ice beast but do no damage.
The ice beast is heavily wounded.
The ice beast closely misses you.
You hit the ice beast but do no damage.
You bite the ice beast, but do no damage.
The ice beast is heavily wounded.
The ice beast hits you. The ice beast freezes you!
You hit the ice beast but do no damage.
You bite the ice beast, but do no damage.
The ice beast is heavily wounded.
The orc hits you but does no damage. The ice beast barely misses you.
You hit the ice beast but do no damage. Your bite misses the ice beast.
The ice beast is heavily wounded.
The orc closely misses you. The ice beast barely misses you.
You hit the ice beast but do no damage.
The ice beast is heavily wounded.
The orc closely misses you.
The ice beast hits you but does no damage.
Casting: Ozocubu's Armour (dangerous; 2% risk of failure)
Confirm with . or Enter, or press ? or * to list all spells.
Casting: Frozen Ramparts (dangerous; 2% risk of failure)
Press: ? - help, Dir - look around, f - activate The walls around you are covered in ice.
The orc closely misses you.
The ice beast completely resists.
The wall freezes the ice beast but does no damage.
The ice beast hits you. The ice beast freezes you!
* * * LOW HITPOINT WARNING * * *
Casting: Frozen Ramparts (dangerous; 2% risk of failure)
Confirm with . or Enter, or press ? or * to list all spells.
A film of ice covers your body! The orc hits you but does no damage.
The ice beast completely resists.
The wall freezes the ice beast but does no damage.
The ice beast hits you.
* * * LOW HITPOINT WARNING * * *
The ice beast freezes you!
You die...

..# # ..### .
.... ###. ..##
##..####...##.
#.............
#.......#
##...##.######
##..##@.....#
#.<###Yo......
#....#........
##...#..$.....
#............
#............
......##.?...
#.....# ###..
##.#.##


You could see an ice beast and an orc.

Vanquished Creatures
  An orc priest (D:3)
  6 adders
  A shadow imp (D:3)
  A worm (D:2)
  A dart slug (D:2)
  6 orcs (D:3)
  5 endoplasms
  5 giant cockroaches
  4 goblins
  3 hobgoblins
  4 ball pythons
  6 bats
  5 frilled lizards
  5 kobolds
  8 rats
61 creatures vanquished.

Notes
Turn   | Place    | Note
-------+----------+-------------------------------------------
     0 | D:1      | Crownlay the Gnoll Ice Elementalist began the quest for the
                  | Orb.
     0 | D:1      | Reached XP level 1. HP: 13/13 MP: 6/6
   562 | D:1      | Reached XP level 2. HP: 15/19 MP: 4/7
  1414 | D:2      | Reached skill level 5 in Spellcasting
  1414 | D:2      | Reached XP level 3. HP: 20/25 MP: 5/9
  1418 | D:2      | Learned a level 3 spell: Frozen Ramparts
  1422 | D:2      | Learned a level 3 spell: Ozocubu's Armour
  1522 | D:2      | Reached skill level 1 in Invocations
  2052 | D:2      | Reached skill level 1 in Fighting
  2052 | D:2      | Reached skill level 1 in Short Blades
  2052 | D:2      | Reached skill level 1 in Long Blades
  2052 | D:2      | Reached skill level 1 in Axes
  2052 | D:2      | Reached skill level 1 in Maces & Flails
  2052 | D:2      | Reached skill level 1 in Polearms
  2052 | D:2      | Reached skill level 1 in Staves
  2052 | D:2      | Reached skill level 1 in Slings
  2052 | D:2      | Reached skill level 1 in Bows
  2052 | D:2      | Reached skill level 1 in Crossbows
  2052 | D:2      | Reached skill level 1 in Throwing
  2052 | D:2      | Reached skill level 1 in Armour
  2052 | D:2      | Reached skill level 1 in Shields
  2052 | D:2      | Reached skill level 1 in Unarmed Combat
  2052 | D:2      | Reached skill level 1 in Evocations
  2306 | D:2      | Reached XP level 4. HP: 29/32 MP: 6/11
  2641 | D:3      | Reached skill level 1 in Conjurations
  2641 | D:3      | Reached skill level 1 in Hexes
  2641 | D:3      | Reached skill level 1 in Summonings
  2641 | D:3      | Reached skill level 1 in Necromancy
  2641 | D:3      | Reached skill level 1 in Translocations
  2641 | D:3      | Reached skill level 1 in Transmutations
  2641 | D:3      | Reached skill level 1 in Fire Magic
  2641 | D:3      | Reached skill level 1 in Air Magic
  2641 | D:3      | Reached skill level 1 in Earth Magic
  2641 | D:3      | Reached skill level 1 in Poison Magic
  2898 | D:3      | Reached XP level 5. HP: 21/37 MP: 8/12
  3247 | D:3      | Found a stormy altar of Qazlal.
  3247 | D:3      | Found an ornate altar of the Wu Jian Council.
  3254 | D:3      | Found a snail-covered altar of Cheibriados.
  3254 | D:3      | Found a shadowy altar of Dithmenos.
  3259 | D:3      | Found a glowing silver altar of Zin.
  3424 | D:4      | Noticed an ice beast
  3438 | D:4      | Slain by an ice beast

Illustrated notes

Levels and vault maps discovered:
D:1:      dpeg_arrival_chambers_temple_mockup, layout_basic
D:2:      layout_basic
D:3:      layout_basic, minitemple
D:4:      layout_cave_pools, uniq_natasha

Skill      XL: |  1  2  3  4 |
---------------+-------------+-----
Spellcasting   | 5 |  5.2
Invocations    | 1 |  1.6
Fighting       | 1 |  1.4
Short Blades   | 1 |  1.4
Long Blades    | 1 |  1.4
Axes           | 1 |  1.4
Maces & Flails | 1 |  1.4
Polearms       | 1 |  1.4
Staves         | 1 |  1.4
Slings         | 1 |  1.4
Bows           | 1 |  1.4
Crossbows      | 1 |  1.4
Throwing       | 1 |  1.4
Armour         | 1 |  1.4
Shields        | 1 |  1.4
Unarmed Combat | 1 |  1.4
Evocations     | 1 |  1.4
Conjurations   | 1 |  1.1
Hexes          | 1 |  1.1
Summonings     | 1 |  1.1
Necromancy     | 1 |  1.1
Translocations | 1 |  1.1
Transmutations | 1 |  1.1
Fire Magic     | 1 |  1.1
Air Magic      | 1 |  1.1
Earth Magic    | 1 |  1.1
Poison Magic   | 1 |  1.1
Dodging        | |  4.8
Stealth        | |  4.4
Ice Magic      | |  7.2

Action                   |  1- 3 |  4- 6 || total
-------------------------+-------+-------++-------
Melee: Dagger            |    48 |    61 ||   109
       Bite              |     3 |     4 ||     7
 Cast: Freeze            |    50 |    16 ||    66
       Ozocubu's Armour  |       |     3 ||     3
       Frozen Ramparts   |       |     3 ||     3
 Stab: Sleeping          |     1 |     5 ||     6
Armor: Robe              |    17 |    15 ||    32
Dodge: Dodged            |    79 |    42 ||   121
